 Dungeon Crawl Stone Soup version 0.26.1-11-gd32895ea62 (webtiles) character file.

Game seed: 1468710483504863781

10518 MisterFreud the Spry (level 11, 0/51 HPs)
             Began as a Felid Berserker on June 16, 2021.
             Was a High Priest of Trog.
             Slain by a water elemental (21 damage)
             ... on level 13 of the Dungeon.
             The game lasted 00:16:47 (18161 turns).

MisterFreud the Spry (Felid Berserker)             Turns: 18161, Time: 00:16:48

Health: 0/51       AC:  3    Str: 13    XL:     11   Next: 37%
Magic:  12/12      EV: 37    Int:  9    God:    Trog [*****.]
Gold:   420        SH:  0    Dex: 20    Spells: 10/10 levels left
                                        Lives:  0   Deaths: 3

rFire    . . .     SeeInvis +     - Unarmed
rCold    + . .     Faith    .   (shield unavailable)
rNeg     . . .     Spirit   .   (armour unavailable)
rPois    .         Reflect  .   (helmet unavailable)
rElec    .         Harm     .   (cloak unavailable)
rCorr    .         Rampage  .   (gloves unavailable)
Will     ++...                  (boots unavailable)
Stlth    +++++.....             F - amulet of the acrobat
HPRegen  0.17/turn              I - ring of willpower
MPRegen  0.13/turn              r - +4 ring of evasion

@: engulfed (cannot breathe), quick
A: very small, no armour, no weapons or thrown items, stealth, claws 1, fangs 3,
see invisible, speed 1, shaggy fur 3, sharp paws
a: Renounce Religion, Berserk, Trog's Hand, Brothers in Arms


You were on level 13 of the Dungeon.
You worshipped Trog.
Trog was extremely pleased with you.
You visited 1 branch of the dungeon, and saw 13 of its levels.

You collected 900 gold pieces.
You spent 480 gold pieces at shops.

Inventory:

Jewellery
 n - an uncursed ring of magical power
 r - a +4 ring of evasion (right paw)
 x - an uncursed ring of stealth
 F - an amulet of the acrobat (around neck)
 H - an uncursed amulet of reflection {unknown}
 I - a ring of willpower (left paw)
 J - an uncursed ring of magical power
 L - an uncursed ring of magical power
Wands
 p - a wand of iceblast (30)
 u - a wand of random effects (53)
 C - a wand of acid (6)
Scrolls
 a - 9 scrolls of identify {unknown}
 b - 3 scrolls of enchant weapon {unknown}
 d - 5 scrolls of blinking {unknown}
 h - 6 scrolls of fear {unknown}
 j - 4 scrolls of magic mapping {unknown}
 k - 8 scrolls of remove curse {unknown}
 m - 4 scrolls of random uselessness {unknown}
 t - a scroll of noise {unknown}
 v - 6 scrolls of teleportation {unknown}
 y - a scroll of enchant armour {unknown}
 E - 2 scrolls of amnesia {unknown}
 G - a scroll of fog {unknown}
 K - a scroll of torment {unknown}
 N - a scroll of immolation {unknown}
 O - a scroll of holy word {unknown}
Potions
 c - a potion of berserk rage {unknown}
 e - 11 potions of curing
 f - 2 potions of attraction {unknown}
 g - 4 potions of flight
 i - 2 potions of brilliance {unknown}
 l - a potion of degeneration {unknown}
 o - 3 potions of mutation {unknown}
 q - 2 potions of lignification {unknown}
 s - 3 potions of haste
 w - 3 potions of heal wounds {unknown}
 z - 2 potions of resistance
 A - 2 potions of might
 B - a potion of invisibility {unknown}
 D - a potion of cancellation {unknown}
 M - a potion of magic {unknown}


   Skills:
 + Level 8.0 Fighting
 - Level 16.0 Dodging
 - Level 10.0 Stealth
 + Level 11.2 Unarmed Combat
 + Level 8.7 Evocations


You had 10 spell levels left.
You didn't know any spells.
Your spell library was empty.

Dungeon Overview and Level Annotations

Branches:
Dungeon (13/15)            Temple (0/1) D:6            Lair (0/6) D:9
    Orc (0/2) D:10
 Vaults: D:13-14

Altars:
Cheibriados
Fedhas
Gozag
Sif Muna
Vehumet
The Shining One

Shops:
D:7 [   D:8 !   D:9 =


Innate Abilities, Weirdness & Mutations

You cannot wear armour.
You are incapable of wielding weapons or throwing items.
Your paws allow you to move quietly. (Stealth)
You have sharp claws.
You have razor-sharp teeth.
You have supernaturally acute eyesight. (SInv)
You cover ground quickly.
Your thick and shaggy fur keeps you warm. (AC +3, rC+)
Your sharp claws are effective at attacking unaware monsters.


Message History

You hear a splash.
The iceblast engulfs the electric eel!
The electric eel is almost dead.
The iceblast engulfs the bullfrog!!
The bullfrog is almost dead.
Your lungs strain for air!
You hear a loud, deep croak!
You hear an angry squeal.
You hear a shout!
You hear an angry squeal.
You hear a shout!
You hear an angry squeal.
You hear a shout! x4; You hear a roar!
You hear a shout! x2
A slime creature comes into view.
The water elemental completely misses you.
Unknown command.
Unknown command.
You scratch the bullfrog.
You kill the bullfrog!
Trog accepts your kill.
Your lungs strain for air!
The electric eel shoots out a bolt of lightning at you!
The bolt of electricity hits you! The water elemental hits you!!
You die...

#.##......#
##.≈≈≈≈≈.....## ##
#.##......#
##≈.≈≈≈≈≈≈###. #
#.#
......###≈≈.≈≈≈≈≈≈#
#. #.#
.............≈≈≈≈≈#
.........≈≈≈≈≈#
.........≈≈≈≈≈#
#######$≈≈≈≈≈##
#.≈≈≈≈## #@E≈≈##
#≈†≈≈≈≈#
#≈≈.≈;≈≈≈≈≈
.....≈≈≈≈≈≈≈
....≈≈≈≈≈≈≈≈≈
#....#≈≈≈≈#≈≈≈
#^.....J..##≈≈
........... ..


You could see a slime creature, a water elemental and an electric eel.

Vanquished Creatures
  Harold (D:11)
  Erolcha (D:9)
  2 hydras (D:12)
  2 two-headed ogres
  An unseen horror (D:10)
  A deep elf mage (D:12)
  Pikel (D:9)
  An ugly thing (D:12)
  A cyclops (D:11)
  An elephant (D:9)
  6 trolls
  A hornet (D:11)
  Grinder (D:5)
  Sigmund (D:5)
  2 vampires (D:11)
  19 yaks
  A wraith (D:12)
  A steam dragon (D:6)
  Grum (D:9)
  3 wyverns
  Menkaure (D:5)
  A soldier ant (D:11)
  A water moccasin (D:11)
  4 sky beasts
  5 orc warriors
  7 black bears
  An eye of draining (D:11)
  5 ice beasts
  9 ogres
  A necrophage (D:8)
  2 wolves (D:9)
  6 centaurs
  4 lemures (D:9)
  A big kobold (D:11)
  12 bullfrogs
  Blork the orc (D:6)
  A gnoll sergeant (D:7)
  2 wyvern skeletons
  6 killer bees
  A water moccasin zombie (D:12)
  6 scorpions
  13 wights
  3 howler monkeys
  2 electric eels (D:13)
  2 bullfrog zombies
  A centaur zombie (D:9)
  A quasit (D:7)
  6 hounds
  3 jellies
  6 orc priests
  4 bullfrog skeletons
  9 orc wizards
  Crazy Yiuf (D:6)
  Ijyb (D:5)
  8 iguanas
  7 worker ants
  2 killer bee zombies
  A hound skeleton (D:9)
  A worker ant zombie (D:11)
  7 gnolls
  19 adders
  A shadow imp (D:10)
  5 white imps
  3 ufetubi
  An ooze (D:2)
  An adder zombie (D:8)
  A worm (D:4)
  3 dart slugs
  9 leopard geckos
  47 orcs
  9 giant cockroaches
  8 goblins
  8 hobgoblins
  9 jackals
  6 quokkas
  2 ball pythons (D:2)
  6 bats
  8 frilled lizards
  A jackal skeleton (D:9)
  2 jackal zombies (D:5)
  8 kobolds
  2 quokka zombies
  7 rats
369 creatures vanquished.

Vanquished Creatures (collateral kills)
  The ghost of kikikiki the Slinger, a journeyman HaHu of Okawaru (D:11)
  The ghost of greedy the Slicer, a novice DsAr of Uskayaw (D:11)
2 creatures vanquished.

Vanquished Creatures (others)
  2 plants (D:9)
  4 withered plants (D:11)
6 creatures vanquished.

Grand Total: 377 creatures vanquished

Notes
Turn   | Place    | Note
-------+----------+-------------------------------------------
     0 | D:1      | MisterFreud the Felid Berserker began the quest for the
                  | Orb.
     0 | D:1      | Reached XP level 1. HP: 10/10 MP: 2/2
    75 | D:1      | Reached skill level 1 in Stealth
   360 | D:1      | Reached XP level 2. HP: 14/14 MP: 3/3
  1071 | D:1      | Reached XP level 3. HP: 17/17 MP: 4/4
  1085 | D:1      | Reached ** piety under Trog
  1393 | D:2      | Reached XP level 4. HP: 13/21 MP: 5/5
  2639 | D:2      | Found a shimmering blue altar of Sif Muna.
  2959 | D:3      | Reached XP level 5. HP: 6/24 MP: 6/6
  3392 | D:3      | Reached skill level 5 in Stealth
  3653 | D:3      | Reached skill level 5 in Unarmed Combat
  4146 | D:4      | Noticed a black bear
  4156 | D:4      | Killed a black bear
  4156 | D:4      | Reached *** piety under Trog
  4157 | D:4      | Reached skill level 5 in Dodging
  4157 | D:4      | Gained mutation: You are covered in thick fur. (AC +2)
                  | [Felid growth]
  4157 | D:4      | Reached XP level 6. HP: 19/28 MP: 7/7
  4365 | D:4      | Reached skill level 6 in Dodging
  4519 | D:4      | Found a radiant altar of Vehumet.
  4584 | D:4      | Found a glowing golden altar of the Shining One.
  4672 | D:4      | Reached skill level 7 in Dodging
  4678 | D:4      | Reached XP level 7. HP: 9/31 MP: 8/8
  4998 | D:4      | Reached skill level 8 in Dodging
  5548 | D:4      | Reached skill level 9 in Dodging
  5774 | D:5      | Entered Level 5 of the Dungeon
  6030 | D:5      | Reached skill level 10 in Dodging
  6113 | D:5      | Noticed Grinder
  6137 | D:5      | Paralysed by Grinder for 2 turns
  6313 | D:5      | Paralysed by Grinder for 5 turns
  6317 | D:5      | Mangled by an ogre
  6318 | D:5      | Reached XP level 6. HP: -6/28 MP: 7/7
  6343 | D:5      | Noticed Ijyb
  6344 | D:5      | Noticed an ice beast
  6357 | D:5      | Killed Ijyb
  6362 | D:5      | Killed an ice beast
  6363 | D:5      | Reached XP level 7. HP: 25/31 MP: 8/8
  6527 | D:5      | Reached **** piety under Trog
  6626 | D:5      | Killed Grinder
  6950 | D:5      | Reached XP level 8. HP: 24/34 MP: 9/9
  7083 | D:5      | Noticed Menkaure
  7093 | D:5      | Killed Menkaure
  7303 | D:5      | Noticed Sigmund
  7324 | D:5      | Killed Sigmund
  7663 | D:6      | Found a runed translucent door.
  7664 | D:6      | Noticed Crazy Yiuf
  7813 | D:6      | Found a staircase to the Ecumenical Temple.
  7825 | D:6      | Found a blossoming altar of Fedhas.
  7967 | D:6      | Reached XP level 9. HP: 39/39 MP: 10/10
  7984 | D:6      | Slain by a steam dragon
  7985 | D:6      | Reached XP level 8. HP: -1/36 MP: 18/18
  8012 | D:6      | Reached skill level 11 in Dodging
  8104 | D:6      | Reached skill level 5 in Fighting
  8509 | D:6      | Noticed Blork the orc
  8516 | D:6      | Killed Blork the orc
  8660 | D:6      | Killed Crazy Yiuf
  8902 | D:7      | Found Anubyuv's Armour Shoppe.
  9027 | D:7      | Reached skill level 12 in Dodging
  9124 | D:7      | Reached XP level 9. HP: 41/41 MP: 10/10
  9749 | D:8      | Reached skill level 13 in Dodging
 10191 | D:8      | Reached ***** piety under Trog
 10532 | D:8      | Found Heosip's Distillery.
 10538 | D:8      | Bought a potion of might for 64 gold pieces
 10538 | D:8      | Bought a potion of haste for 160 gold pieces
 10538 | D:8      | Bought a potion of curing for 48 gold pieces
 10538 | D:8      | Bought a potion of resistance for 160 gold pieces
 10538 | D:8      | Bought a potion of flight for 48 gold pieces
 10543 | D:8      | Found a snail-covered altar of Cheibriados.
 10611 | D:9      | Found an opulent altar of Gozag.
 10725 | D:9      | Noticed an elephant
 10726 | D:9      | Found a staircase to the Lair.
 10742 | D:9      | Killed an elephant
 10743 | D:9      | Reached skill level 14 in Dodging
 10755 | D:9      | Reached XP level 10. HP: 11/45 MP: 11/11
 11030 | D:9      | Noticed Erolcha
 11034 | D:9      | Killed Erolcha
 11035 | D:9      | Reached skill level 15 in Dodging
 11199 | D:9      | Noticed Grum
 11221 | D:9      | Killed Grum
 11222 | D:9      | Reached skill level 1 in Evocations
 11721 | D:9      | Found Isan's Jewellery Boutique.
 11954 | D:9      | Noticed Pikel
 11959 | D:9      | Killed Pikel
 12158 | D:9      | You fall into a shaft and drop 2 floors!
 12832 | D:10     | Entered Level 10 of the Dungeon
 12927 | D:10     | Reached XP level 11. HP: 48/48 MP: 12/12
 12938 | D:10     | Reached skill level 16 in Dodging
 13134 | D:11     | HP: 2/48 [orc wizard/magic dart (11)]
 13139 | D:11     | HP: 1/72 [sky beast (5)]
 13518 | D:10     | Found a staircase to the Orcish Mines.
 13521 | D:10     | Noticed an unseen horror
 13541 | D:10     | Killed an unseen horror
 13587 | D:10     | Reached skill level 10 in Stealth
 13971 | D:10     | Reached skill level 5 in Evocations
 14989 | D:11     | Noticed Harold
 15009 | D:11     | Killed Harold
 15131 | D:11     | Noticed a two-headed ogre
 15133 | D:11     | Killed a two-headed ogre
 15134 | D:11     | Reached skill level 10 in Unarmed Combat
 16412 | D:11     | Found a runed translucent gate.
 16412 | D:11     | Found a runed translucent gate.
 16413 | D:11     | Found a runed translucent gate.
 16414 | D:11     | Noticed kikikiki's ghost (journeyman HaHu)
 16415 | D:11     | Noticed greedy's ghost (novice DsAr)
 16578 | D:11     | Killed kikikiki's ghost
 16579 | D:11     | Killed greedy's ghost
 16707 | D:12     | Noticed a green ugly thing
 16714 | D:12     | Killed a green ugly thing
 16738 | D:12     | Noticed a deep elf mage
 16746 | D:12     | Killed a deep elf mage
 16747 | D:12     | Gained mutation: Your thick and shaggy fur keeps you warm.
                  | (AC +3, rC+) [Felid growth]
 16747 | D:12     | Reached XP level 12. HP: 54/54 MP: 13/13
 16835 | D:12     | Noticed a two-headed ogre
 16842 | D:12     | Killed a two-headed ogre
 16899 | D:12     | HP: 2/54 [yak (13)]
 17298 | D:12     | Noticed a seven-headed hydra
 17301 | D:12     | Killed a seven-headed hydra
 17631 | D:12     | Noticed a five-headed hydra
 17642 | D:12     | Killed a five-headed hydra
 18126 | D:13     | HP: 1/55 [yak (14)]
 18127 | D:13     | Slain by a yak
 18128 | D:13     | Reached XP level 11. HP: -3/51 MP: 12/12
 18161 | D:13     | Slain by a water elemental

Illustrated notes

Levels and vault maps discovered:
D:1:      dpeg_arrival_chambers_temple_mockup, layout_basic, grunt_decor_cap
D:2:      minmay_evil_eye, layout_basic, kennysheep_decorative_pillar,
          lemuel_blue_sif_altar
D:3:      layout_basic
D:4:      layout_cave_pods, overflow_temple_1_default, lemuel_doored_altar
D:5:      layout_rooms, hangedman_decor_riveting, uniq_ijyb, uniq_sigmund,
          uniq_menkaure, uniq_grinder
D:6:      cheibrodos_steamvent, layout_basic, temple_green,
          fedhas_ov_isle_minmay, uniq_blork_the_orc, uniq_crazy_yiuf_cottage
D:7:      layout_rooms, serial_shops, shop
D:8:      layout_basic, kennysheep_mini, serial_shops, shop,
          kennysheep_generic_room_10
D:9:      layout_basic, david_lair_generic, basic_altar, serial_shops,
          shop_statue, uniq_pikel, uniq_erolcha, uniq_grum
D:10:     layout_grid_maze, david_orc_3, st_stairs_14, kennysheep_diamond
D:11:     layout_irregular_city, gammafunk_ghost_cemetery, minivault_20,
          grunt_ministairs_4, uniq_harold
D:12:     layout_irregular_city
D:13:     layout_basic, lightli_vaults_fourway_checkpoint, lemuel_statue_altar,
          uniq_kirke, uniq_josephine, uniq_maurice

Skill      XL: |  1  2  3  4  5  6  7  8  9 10 11 12 |
---------------+-------------------------------------+-----
Stealth        | 1 2 3 4 5 7 8 9 10 | 10.0
Unarmed Combat | 4 5 6 8 10 11 | 11.2
Dodging        | 5 7 10 12 14 15 16 | 16.0
Fighting       | 6 7 8 |  8.0
Evocations     | 3 7 8 |  8.7

Action                   |  1- 3 |  4- 6 |  7- 9 | 10-12 || total
-------------------------+-------+-------+-------+-------++-------
Melee: Unarmed           |    83 |   157 |   379 |   659 ||  1278
       Bite              |    12 |    17 |    49 |    63 ||   141
       Punch             |       |     6 |     7 |    34 ||    47
Invok: Berserk           |     1 |     3 |    12 |    18 ||    34
       Trog's Hand       |       |       |       |     5 ||     5
       Brothers in Arms  |       |       |       |     1 ||     1
Evoke: Wand              |       |       |       |     4 ||     4
 Stab: Sleeping          |     7 |    14 |    31 |    26 ||    78
       Distracted        |       |       |     2 |     2 ||     4
Armor: Skin              |     2 |     9 |     4 |    12 ||    27
Dodge: Dodged            |    45 |   125 |   362 |   675 ||  1207
